 Dungeon Crawl Stone Soup version 0.26-a0-651-gb41185065b (webtiles) character file.

Game seed: 5251278021576583034

281 raph the Grave Robber (level 6, -8/63 HPs)
             Began as a Demonspawn Necromancer on Oct 28, 2020.
             Was an Initiate of Sif Muna.
             Mangled by Prince Ribbit (11 damage)
             ... on level 5 of the Dungeon.
             The game lasted 00:09:00 (4658 turns).

raph the Grave Robber (Demonspawn Necromancer)      Turns: 4658, Time: 00:09:00

Health: -8/63      AC: 23    Str:  9    XL:     6   Next: 6%
Magic:  1/10       EV:  2    Int: 17    God:    Sif Muna [......]
Gold:   148        SH:  0    Dex: 14    Spells: 2/11 levels left

rFire    . . .     SeeInvis .   p - +3 short sword
rCold    . . .     Faith    .   (no shield)
rNeg     + + +     Spirit   .   (armour currently unavailable)
rPois    +         Reflect  .   (helmet currently unavailable)
rElec    .         Harm     .   (cloak currently unavailable)
rCorr    .         Rampage  .   (gloves currently unavailable)
MR       +....     NoTele   +   (boots currently unavailable)
Stlth    ++........             (no amulet)
HPRegen  0.20/turn              r - ring of protection from magic
MPRegen  0.12/turn              (no ring)

@: tree-form
A: no striking features
a: Renounce Religion


You were on level 5 of the Dungeon.
You worshipped Sif Muna.
Sif Muna was noncommittal.
You were a tree.
You visited 1 branch of the dungeon, and saw 5 of its levels.

You collected 148 gold pieces.

Inventory:

Hand Weapons
 e - a +0 whip
 g - a +1 dagger of freezing
 p - a +3 short sword (weapon)
Missiles
 h - 33 poisoned darts (quivered)
Armour
 a - a +0 robe (melded)
 i - a +0 buckler
 k - the cursed +0 pair of boots "Totsomuz" (melded) {Str+3}
   (You found it on level 4 of the Dungeon)

   It affects your strength (+3).
   It has a curse placed upon it.
Jewellery
 r - a ring of protection from magic (left branch)
Wands
 l - a wand of paralysis (8)
Scrolls
 m - a scroll of remove curse
Potions
 b - a potion of flight
 c - a potion of brilliance
 d - 2 potions of degeneration
 f - a potion of haste
 o - a potion of resistance {unknown}
 q - a potion of might {unknown}


   Skills:
 + Level 0.4 Fighting
 + Level 2.9 Dodging
 + Level 3.2 Stealth
 + Level 3.1 Spellcasting
 * Level 6.1 Necromancy


You had 2 spell levels left.
You knew the following spells:

 Your Spells              Type           Power        Failure   Level
a - Pain                  Necr           ###.         1%          1
b - Animate Skeleton      Necr           ###...       1%          1
c - Vampiric Draining     Necr           ###.......   4%          3
d - Animate Dead          Necr           ###.......   14%         4

Your spell library contained the following spells:

 Spells                   Type           Power        Failure   Level
 Magic Dart               Conj           #...         17%         1
 Blink                    Tloc           N/A          26%         2
 Call Imp                 Summ           #.......     26%         2
 Slow                     Hex            #.......     26%         2
 Agony                    Necr           ###.....     36%         5
 Conjure Flame            Conj/Fire      #.......     45%         3
 Mephitic Cloud           Conj/Pois/Air  #.......     45%         3


Dungeon Overview and Level Annotations

Branches:
Dungeon (5/15)
 Temple: D:4-7

Altars:
Sif Muna
Trog
Zin

Annotations:
D:5 Prince Ribbit


Innate Abilities, Weirdness & Mutations

((You have a pair of horns on your head.))
((You are partially covered in sharp spines.))
((You are partially covered in razor-sharp scales. (AC +1, Slay +1)))


Message History

Prince Ribbit struggles to resist.
Prince Ribbit is struck by your spines. Prince Ribbit hits you!
* * * LOW HITPOINT WARNING * * *
Unknown command.
Okay, then.
It was a potion of lignification.
You turn into a tree.
The cursed +0 pair of boots "Totsomuz" {Str+3} melds into your body.
Your +0 robe melds into your body.
Your roots penetrate the ground.
Prince Ribbit hits you but does no damage. x2
You miss Prince Ribbit.
Prince Ribbit is severely wounded.
Prince Ribbit casts a spell.
Prince Ribbit looks slightly unstable.
Casting: Pain (safe; 1% risk of failure)
Confirm with . or Enter, or press ? or * to list all spells.
Aiming: Pain (safe; 1% risk of failure)
Press: ? - help, Shift-Dir - straight line, f/p - Prince Ribbit
Aim: Prince Ribbit (severely wounded, chance to defeat MR: 69%) Prince Ribbit struggles to resist.
Prince Ribbit hits you!
You die...

#.......# #.#
##.......#######.######.
#.....................o.
###...F.............oo.
#...#######.#....# #...#
#.#.#+## ###'#### #.#o#
#...†..#####.o.#
#....♣F##....###
#......##....#
#.....).#....#
###+#..[#....#
#...#....## +...'.....#
#...#.....# #...#.....#
#...#.....#


You could see Prince Ribbit.

Vanquished Creatures
  A hound (D:4)
  A jelly (D:5)
  An orc priest (D:5)
  Ijyb (D:3)
  An iguana (D:4)
  2 worker ants
  2 adders
  A worm (D:3)
  A dart slug (D:1)
  3 leopard geckos
  10 orcs
  3 giant cockroaches
  6 hobgoblins
  6 kobolds
  2 quokkas
  A bat (D:1)
  A frilled lizard (D:4)
  12 goblins
  6 rats
61 creatures vanquished.

Vanquished Creatures (collateral kills)
  A goblin (D:3)
1 creature vanquished.

Grand Total: 62 creatures vanquished

Notes
Turn   | Place    | Note
-------+----------+-------------------------------------------
     0 | D:1      | raph the Demonspawn Necromancer began the quest for the
                  | Orb.
     0 | D:1      | Reached XP level 1. HP: 13/13 MP: 3/3
   319 | D:1      | Learned a level 1 spell: Animate Skeleton
   745 | D:1      | Gained mutation: You are partially covered in sharp spines.
                  | [demonic ancestry]
   745 | D:1      | Reached XP level 2. HP: 19/19 MP: 5/5
  1957 | D:2      | Found a glowing silver altar of Zin.
  1957 | D:2      | Found a bloodstained altar of Trog.
  2122 | D:3      | Reached XP level 3. HP: 14/24 MP: 0/6
  2271 | D:3      | Noticed Ijyb
  2445 | D:3      | Killed Ijyb
  2445 | D:3      | Reached skill level 5 in Necromancy
  2545 | D:3      | Gained mutation: You are partially covered in razor-sharp
                  | scales. (AC +1, Slay +1) [demonic ancestry]
  2545 | D:3      | Reached XP level 4. HP: 28/30 MP: 3/7
  2630 | D:3      | Learned a level 3 spell: Vampiric Draining
  2722 | D:3      | Found a bloodstained altar of Trog.
  2773 | D:3      | Found a shimmering blue altar of Sif Muna.
  2779 | D:3      | Became a worshipper of Sif Muna the Loreminder
  3503 | D:3      | Noticed a phantom
  4008 | D:4      | Got a pair of scorched boots
  4014 | D:4      | Identified the cursed +0 pair of boots "Totsomuz" {Str+3}
                  | (You found it on level 4 of the Dungeon)
  4133 | D:4      | Gained mutation: You have a pair of small horns on your
                  | head. [demonic ancestry]
  4133 | D:4      | Reached XP level 5. HP: 27/35 MP: 4/9
  4320 | D:4      | Learned a level 4 spell: Animate Dead
  4392 | D:5      | Entered Level 5 of the Dungeon
  4392 | D:5      | Noticed Prince Ribbit
  4549 | D:5      | Reached skill level 6 in Necromancy
  4616 | D:5      | Gained mutation: You have a pair of horns on your head.
                  | [demonic ancestry]
  4616 | D:5      | Reached XP level 6. HP: 13/42 MP: 5/10
  4655 | D:5      | HP: 2/42 [Prince Ribbit (10)]
  4658 | D:5      | Mangled by Prince Ribbit

Illustrated notes

Levels and vault maps discovered:
D:1:      lemuel_arrival_broad_hall, layout_basic
D:2:      layout_basic, gammafunk_temple_overflow_elements
D:3:      kennysheep_the_goblin_king, layout_basic, old_standard_altar,
          trog_three_pillars_becter
D:4:      layout_basic, grunt_decor_mini_mirrors
D:5:      cheibrodos_two_vegetables, layout_basic, grunt_ministairs_12,
          minmay_diced_spiral, uniq_prince_ribbit1, uniq_eustachio

Skill      XL: |  1  2  3  4  5 |
---------------+----------------+-----
Stealth        | 2 3 |  3.2
Dodging        | 2 |  2.9
Necromancy     | 5 6 |  6.1
Spellcasting   | 3 |  3.1
Fighting       | |  0.4

Action                   |  1- 3 |  4- 6 || total
-------------------------+-------+-------++-------
Melee: Whip              |     5 |       ||     5
       Dagger            |    10 |       ||    10
       Short sword       |       |    26 ||    26
       Headbutt          |       |     1 ||     1
 Cast: Pain              |    54 |    58 ||   112
       Animate Skeleton  |     6 |     9 ||    15
       Animate Dead      |       |     1 ||     1
       Vampiric Draining |       |     1 ||     1
  Use: Scroll            |       |     8 ||     8
       Potion            |       |     2 ||     2
 Stab: Sleeping          |       |     2 ||     2
Armor: Robe              |     5 |     3 ||     8
       Skin              |       |     2 ||     2
Dodge: Dodged            |    13 |    29 ||    42

Table legend: (Time is in decaauts)
 A = Elapsed time spent in this place.
 B = Non-inter-level travel time spent in this place.
 C = Inter-level travel time spent in this place.
 D = Time resting spent in this place.
 E = Time spent auto-exploring this place.
 F = Levels seen in this place.
 G = Mean time per level.
                   A        B        C        D        E       F      G
               +--------+--------+--------+--------+--------+-----+--------+
         Total |   4660 |   4532 |    128 |   1840 |   2056 |   5 |  932.0 |
       Dungeon |   4660 |   4532 |    128 |   1840 |   2056 |   5 |  932.0 |
               +--------+--------+--------+--------+--------+-----+--------+

Top non-repeatable levels by time:
     D:3: 1824 daAuts
     D:1: 1210 daAuts
     D:2: 879 daAuts
     D:4: 516 daAuts
     D:5: 230 daAuts
